 Dungeon Crawl Stone Soup version 0.31.0-11-ge490571c62 (webtiles) character file.

Game seed: 15540977946808667640

48 Flugkiller the Chiller (level 3, -3/16 HPs)
             Began as a Vine Stalker Ice Elementalist on Feb 2, 2024.
             Slain by an orc
             ... wielding a +0 flail
              (6 damage)
             ... on level 4 of the Dungeon.
             The game lasted 00:01:57 (331 turns).

Flugkiller the Chiller (VSIE)                        Turns: 331, Time: 00:01:58

Health: -3/16      AC:  3    Str: 16    XL:     3   Next: 72%
Magic:  0/8        EV: 17    Int: 17    God:
Gold:   47         SH:  0    Dex: 14    Spells: 1/8 levels left

rFire   . . .        d - +0 dagger
rCold   . . .        (no shield)
rNeg    . . .        a - +0 robe
rPois   .            (no helmet)
rElec   .            (no cloak)
rCorr   .            h - +0 pair of gloves
SInv    .            (no boots)
Will    .....        (no amulet)
Stlth   ++           v - +5 ring of evasion
HPRegen 1.02/turn    f - +6 ring of strength
MPRegen 0.11/turn

%: guardian spirit
@: very slightly contaminated
A: fangs 2, regeneration 1, magic shield, antimagic bite, no potion heal 2
a: no special abilities


You were on level 4 of the Dungeon.
You visited 1 branch of the dungeon, and saw 4 of its levels.

You collected 47 gold pieces.

Inventory:

Hand Weapons
 d - a +0 dagger (weapon)
   (You took it off a goblin on level 1 of the Dungeon)
Armour
 a - a +0 robe (worn)
 h - a +0 pair of gloves (worn)
   (You found it on level 3 of the Dungeon)
Jewellery
 f - a +6 ring of strength (right hand)
   (You found it on level 1 of the Dungeon)
 v - a +5 ring of evasion (left hand)
   (You found it on level 1 of the Dungeon)
Scrolls
 j - a scroll of teleportation {unknown}
 k - a scroll of identify {unknown}
Potions
 b - 2 potions of magic
 g - a potion of haste {unknown}
 i - a potion of curing {unknown}


   Skills:
 - Level 1.5 Dodging
 - Level 2.4 Stealth
 + Level 3.2 Spellcasting
 + Level 4.7 Ice Magic


You had one spell level left.
You knew the following spells:

 Your Spells              Type           Power      Damage    Failure   Level
a - Freeze                Ice            72%        1d8       2%          1
b - Frozen Ramparts       Ice            36%        1d6       8%          3
c - Ozocubu's Armour      Ice            18%        N/A       8%          3

Your spell library contained the following spells:

 Spells                   Type           Power      Damage    Failure   Level
 Sandblast                Erth           4%         2d4       17%         1
 Summon Ice Beast         Ice/Summ       10%        N/A       21%         3
 Passwall                 Erth           2%         N/A       45%         3
 Stone Arrow              Conj/Erth      4%         3d7       45%         3
 Brom's Barrelling Bould  Conj/Erth      2%         2d3       86%         4


Dungeon Overview and Level Annotations

Branches:
Dungeon (4/15) Zot: 23669
 Temple: D:4-7

Altars:


Innate Abilities, Weirdness & Mutations

You have extremely sharp teeth.
Your natural rate of healing is unusually fast.
When hurt, damage is shared between your health and your magic reserves.
Your bite disrupts and absorbs the magic of your enemies.
Potions cannot restore your health.


Message History

You kill the dart slug!
There is an escape hatch in the floor here.
You slide downwards.
The hatch slams shut behind you.
Unknown command.
This spell is extremely dangerous to cast!
You start memorising the spell.
You continue memorising. x3
You finish memorising.
Spell assigned to 'b'.
This spell is extremely dangerous to cast!
Magic restored.
You start memorising the spell.
You continue memorising. x3
You finish memorising.
Spell assigned to 'c'.
Okay, then.
The orc shouts!
You hear a shout!
Unknown command.
Casting: Freeze (safe; 2% risk of failure)
Confirm with . or Enter, or press ? or * to list all spells.
Aiming: Freeze (safe; 2% risk of failure)
Press: ? - help, Shift-Dir - straight line, f - orc
Aim: an orc, wielding a +0 flail and wearing a +0 scale mail You freeze the orc.
The orc is severely wounded.
The orc closely misses you.
You closely miss the orc. You bite the orc.
You kill the orc!
A kobold comes into view. It is wielding a +0 short sword.
The kobold shouts!
You hear a shout!
The kobold throws a stone.
The stone misses you.
Things that are here:
a +0 flail; a +0 scale mail; an orc corpse The kobold throws a stone.
The stone hits you but does no damage.
Unknown command.
The orc shouts!
The kobold barely misses you.
Casting: Freeze (safe; 2% risk of failure)
Confirm with . or Enter, or press ? or * to list all spells.
Aiming: Freeze (safe; 2% risk of failure)
Press: ? - help, Shift-Dir - straight line, f - kobold
Aim: a kobold, wielding a +0 short sword and quivering stones You freeze the kobold.
The kobold is moderately wounded.
The orc wizard shouts!
The kobold barely misses you.
You hit the kobold.
The kobold is severely wounded.
The kobold closely misses you. The kobold attacks as it pursues you!
The kobold hits you with a +0 short sword.
Casting: Freeze (safe; 2% risk of failure)
Confirm with . or Enter, or press ? or * to list all spells.
Okay, then.
The kobold attacks as it pursues you! The kobold barely misses you.
Casting: Freeze (safe; 2% risk of failure)
Confirm with . or Enter, or press ? or * to list all spells.
You miscast Frozen Ramparts.
You are very lightly contaminated with residual magic.
Nothing appears to happen.
The kobold completely misses you.
Casting: Frozen Ramparts (extremely dangerous; 8% risk of failure)
Confirm with . or Enter, or press ? or * to list all spells.
You miscast Frozen Ramparts.
Nothing appears to happen.
The kobold hits you with a +0 short sword.
You completely miss the kobold.
The kobold is severely wounded.
The kobold closely misses you.
Unknown command.
You barely miss the kobold. Your bite misses the kobold.
The kobold is severely wounded.
The kobold completely misses you. The kobold attacks as it pursues you!
The kobold closely misses you.
Unknown command.
You hit the kobold.
You kill the kobold!
The orc barely misses you.
You hit the orc but do no damage. The orc barely misses you.
You hit the orc. You bite the orc.
You kill the orc!
The orc hits you with a +0 flail.
You hit the orc but do no damage.
Unknown command.
The orc hits you with a +0 flail.
Unknown command.
Casting: Frozen Ramparts (extremely dangerous; 8% risk of failure)
Confirm with . or Enter, or press ? or * to list all spells.
Aiming: Freeze (safe; 2% risk of failure)
Press: ? - help, Shift-Dir - straight line, f - orc wizard
Aim: an orc wizard, wielding a +0 dagger and wearing a +0 robe You freeze the orc wizard.
The orc wizard is lightly wounded.
The orc barely misses you.
The orc wizard hits you with a +0 dagger.
Unknown command.
As you read the scroll labelled IHA JEIWEP, it crumbles to dust.
The creatures around you are filled with an inner flame!
It was a scroll of immolation.
The orc misses you. The orc wizard casts a spell at you.
The magic dart hits you.
* * * LOW HITPOINT WARNING * * *
This is a scroll of acquirement!
Something appears at your feet! The orc hits you with a +0 flail!
You die...

#.#...............o..#
#.##..........#...o.#
............# #.....# .#
.....# #.....#
#######.....###.##.####
...##..##....#####.)..##
....#......#####.##....#
..#........##....o$....#
..#....#...#....@o)....#
...##.###......###.#..##
...#.........### ######
#.##...##...##
#####.###....# ###
##..## #.## ###


You could see an orc wizard (inner flame) and an orc (inner flame).

Vanquished Creatures
  An orc wizard (D:3)
  2 dart slugs
  3 orcs
  2 endoplasms
  A giant cockroach (D:4)
  A goblin (D:1)
  A jackal (D:2)
  A ball python (D:4)
  2 bats
  2 kobolds
16 creatures vanquished.

Notes
Turn   | Place    | Note
-------+----------+-------------------------------------------
     0 | D:1      | Flugkiller the Vine Stalker Ice Elementalist began the
                  | quest for the Orb.
     0 | D:1      | Reached XP level 1. HP: 9/9 MP: 4/4
   165 | D:4      | Reached XP level 2. HP: 12/13 MP: 3/6
   256 | D:3      | Reached XP level 3. HP: 10/16 MP: 0/8
   287 | D:4      | Learned a level 3 spell: Frozen Ramparts
   292 | D:4      | Learned a level 3 spell: Ozocubu's Armour
   331 | D:4      | Identified a scroll of acquirement
   331 | D:4      | Acquired 974 gold pieces
   331 | D:4      | Slain by an orc

Illustrated notes

Levels and vault maps discovered:
D:1:      roderic_chinese_lattice_arrival, layout_basic,
          chequers_ecumenical_altar_simple, eino_curves_02
D:2:      layout_rooms, basic_altar
D:3:      layout_basic, mainiacjoe_overflow_24_doors
D:4:      layout_cave_pools, nicolae_overflow_hidden_temple

Skill      XL: |  1  2 |
---------------+-------+-----
Spellcasting   | 3 |  3.2
Dodging        | |  1.5
Stealth        | |  2.4
Ice Magic      | |  4.7

Action                     || total
---------------------------++-------
  Melee: Dagger            ||    26
         Bite              ||    11
   Cast: Freeze            ||    18
    Use: Scroll            ||     2
   Stab: Sleeping          ||     1
 Armour: Robe              ||    22
  Dodge: Dodged            ||    41
